 Dungeon Crawl Stone Soup version 0.26.1-11-gd32895ea62 (webtiles) character file.

Game seed: 18259058653259995033

2895 Zeld the Changer (level 9, -1/61 HPs)
             Began as an Octopode Transmuter on May 26, 2021.
             Was an Initiate of Gozag.
             Slain by a slime creature (20 damage)
             ... on level 7 of the Dungeon.
             The game lasted 00:12:21 (15071 turns).

Zeld the Changer (Octopode Transmuter)             Turns: 15071, Time: 00:12:22

Health: -1/61      AC:  2    Str: 12    XL:     9   Next: 77%
Magic:  19/20      EV: 24    Int: 16    God:    Gozag
Gold:   444        SH:  0    Dex: 17    Spells: 7/22 levels left

rFire    . . .     SeeInvis .     - Unarmed
rCold    . . .     Faith    .   (shield currently unavailable)
rNeg     . . .     Spirit   .   (helmet currently unavailable)
rPois    x         Reflect  .   (no amulet)
rElec    .         Harm     .   (no ring)
rCorr    .         Rampage  .   (no ring)
Will     .....                  (no ring)
Stlth    ++........             (no ring)
HPRegen  0.20/turn              (no ring)
MPRegen  0.17/turn              (no ring)
                                (no ring)
                                (no ring)

@: spider-form
A: tiny, almost no armour, stealthy swim, (amphibious), 8 rings, (constrict 8)
a: End Transformation, Renounce Religion, Potion Petition, Call Merchant, Bribe
Branch


You were on level 7 of the Dungeon.
You worshipped Gozag.
Gozag was aware of your devotion.
You were a venomous arachnid creature.
You visited 2 branches of the dungeon, and saw 8 of its levels.
You also visited: Sewer.

You collected 551 gold pieces.
You paid 107 gold pieces to Gozag.

Inventory:

Wands
 p - a wand of flame (16)
 s - a wand of polymorph (13)
Scrolls
 b - 6 scrolls of remove curse
 c - 4 scrolls of enchant armour
 d - 4 scrolls of magic mapping
 e - 3 scrolls of enchant weapon
 g - 3 scrolls of amnesia
 k - 2 scrolls of blinking
 n - a scroll of immolation {unknown}
 o - a scroll of teleportation
 r - a scroll of fog {unknown}
 v - a scroll of identify
Potions
 a - a potion of curing {unknown}
 f - a potion of lignification {unknown}
 h - 4 potions of heal wounds
 i - a potion of might {unknown}
 j - 2 potions of cancellation {unknown}
 l - 3 potions of degeneration {unknown}
 m - a potion of haste {unknown}
 q - 2 potions of invisibility {unknown}
 t - 3 potions of brilliance {unknown}
 u - 2 potions of magic {unknown}


   Skills:
 + Level 5.2 Fighting
 + Level 5.6 Dodging
 - Level 3.0 Unarmed Combat
 * Level 7.3 Spellcasting
 * Level 7.9 Transmutations


You had 7 spell levels left.
You knew the following spells:

 Your Spells              Type           Power        Failure   Level
a - Beastly Appendage     Tmut           62%          3%          1
b - Wereblood             Tmut           31%          4%          2
c - Spider Form           Tmut/Pois      9%           19%         3
d - Ice Form              Ice/Tmut       18%          45%         4
e - Blade Hands           Tmut           15%          30%         5

Your spell library contained the following spells:

 Spells                   Type           Power        Failure   Level
 Sting                    Tmut/Pois      72%          9%          1
 Ignite Poison            Fire/Tmut/Pois 14%          28%         3
 Poisonous Vapours        Pois/Air       10%          38%         2
 Mephitic Cloud           Conj/Pois/Air  5%           56%         3
 Olgreb's Toxic Radiance  Pois           5%           89%         4


Dungeon Overview and Level Annotations

Branches:
Dungeon (7/15)             Temple (1/1) D:6           Sewer (visited)

Altars:
Ashenzari
Cheibriados
Dithmenos
Elyvilon
Fedhas
Gozag
Hepliaklqana
Kikubaaqudgha
Makhleb
Nemelex Xobeh
Okawaru
Qazlal
Ru
Sif Muna
Trog
Uskayaw
Vehumet
Wu Jian
Xom
Yredelemnul
Zin
The Shining One


Innate Abilities, Weirdness & Mutations

You cannot wear most types of armour.
You are very stealthy in the water. (Stealth+)
((You are amphibious.))
You can wear up to eight rings at the same time.
((You can use your tentacles to constrict eight enemies at once.))
((Your skin changes colour to match your surroundings (Stealth+).))
((Your rubbery body absorbs attacks. (AC +1, EV +1)))


Message History

The slime creature is moderately wounded.
The slime creature hits you.
You bite the slime creature!
The slime creature is heavily wounded.
The slime creature completely misses you.
You hit the slime creature.
The slime creature is heavily wounded.
The slime creature hits you.
You hit the slime creature.
The slime creature looks as sick as possible!
The slime creature is heavily wounded.
The slime creature barely misses you.
You hit the slime creature but do no damage.
The slime creature is severely wounded.
The slime creature hits you!!
You hit the slime creature but do no damage.
The slime creature is severely wounded.
The slime creature hits you!!
You die...
Your body crumbles into a pile of gold.

#.##.###..####
#.#.###.......
#..####.####..###... #
#.....⌠).......'...
#....####.####..###(..
#.. #.#.#.###. #...
#..###. #.# .### #...
#..).J###.###... #...
#....s##...##... ####
#.....#..#..#... #
#.....[..#......######
#........+>.....'....'
#........##.....######
####...####.....# #
##### #.....# #
####### # #


You could see a slime creature (extremely poisoned).

Vanquished Creatures
  Pikel (D:7)
  Maggie (D:7)
  A troll (D:7)
  Grinder (D:6)
  An ice beast (D:7)
  A sky beast (D:7)
  2 ogres
  2 lemures (D:7)
  4 bullfrogs
  A gnoll sergeant (D:5)
  2 scorpions (D:6)
  A water moccasin skeleton (D:7)
  A bullfrog zombie (D:5)
  2 hounds
  7 orc wizards
  A quasit (D:3)
  Crazy Yiuf (D:4)
  2 orc priests
  2 iguanas
  A jelly (D:6)
  3 gnolls (D:5)
  16 adders
  2 howler monkey skeletons
  A shadow imp (D:5)
  15 oozes (Sewer)
  An adder zombie (D:7)
  7 worms
  6 dart slugs
  12 leopard geckos
  13 orcs
  13 ball pythons
  11 bats
  16 giant cockroaches
  4 goblins
  7 hobgoblins
  5 quokkas
  13 frilled lizards
  A jackal skeleton (D:4)
  7 kobolds
  A quokka skeleton (D:4)
  A quokka zombie (D:5)
  6 rats
196 creatures vanquished.

Notes
Turn   | Place    | Note
-------+----------+-------------------------------------------
     0 | D:1      | Zeld the Octopode Transmuter began the quest for the Orb.
     0 | D:1      | Reached XP level 1. HP: 13/13 MP: 3/3
   479 | D:1      | Reached XP level 2. HP: 12/18 MP: 3/5
  1361 | D:2      | Learned a level 2 spell: Wereblood
  1558 | D:2      | Reached XP level 3. HP: 13/23 MP: 6/6
  1562 | D:2      | Learned a level 3 spell: Spider Form
  2271 | D:2      | Found a shadowy altar of Dithmenos.
  2501 | D:2      | Reached XP level 4. HP: 23/29 MP: 6/8
  3881 | D:2      | Reached XP level 5. HP: 4/34 MP: 7/9
  4771 | D:3      | Learned a level 4 spell: Ice Form
  5014 | D:3      | Reached XP level 6. HP: 15/39 MP: 9/11
  7091 | D:4      | Found a runed translucent door.
  7092 | D:4      | Noticed Crazy Yiuf
  7228 | D:4      | Killed Crazy Yiuf
  7505 | D:5      | Entered Level 5 of the Dungeon
  7523 | D:5      | Reached XP level 7. HP: 43/45 MP: 9/13
  8662 | D:5      | Reached skill level 5 in Transmutations
  9005 | D:5      | Learned a level 5 spell: Blade Hands
  9026 | D:6      | Found a glowing drain.
  9043 | D:6      | Reached skill level 5 in Spellcasting
  9043 | D:6      | Reached XP level 8. HP: 36/52 MP: 11/15
  9224 | Sewer    | Entered a sewer
 11277 | D:6      | Noticed Grinder
 11283 | D:6      | Paralysed by Grinder for 7 turns
 11290 | D:6      | HP: 1/54 [Grinder (5)]
 11295 | D:6      | Paralysed by Grinder for 6 turns
 11968 | D:6      | Found a staircase to the Ecumenical Temple.
 12004 | Temple   | Entered the Ecumenical Temple
 12118 | Temple   | Became a worshipper of Gozag Ym Sagoz the Greedy
 13242 | D:6      | Killed Grinder
 13243 | D:6      | Reached XP level 9. HP: 50/59 MP: 12/18
 13806 | D:7      | Reached skill level 5 in Dodging
 13903 | D:7      | Noticed Maggie
 13911 | D:7      | Killed Maggie
 14093 | D:7      | Noticed a troll
 14644 | D:7      | Killed a troll
 14887 | D:7      | Noticed Pikel
 14903 | D:7      | Killed Pikel
 14904 | D:7      | Reached skill level 5 in Fighting
 15071 | D:7      | Slain by a slime creature

Illustrated notes

Levels and vault maps discovered:
D:1:      heliophobic_arrival_battle_scene, layout_loops_cross,
          serial_co_window_serial, co_window_cross_1, co_window_paths_b,
          co_window_paths_a, co_window_paths_a, co_window_corner_a,
          co_window_paths_a, co_window_paths_b, co_window_paths_c,
          co_window_broadway_c, co_window_cross_4, co_window_corner_ca,
          co_window_broadway_a, co_window_4corner_b, glass_columns_b,
          glass_columns_a, glass_columns_a, glass_columns_a, minivault_14
D:2:      layout_loops_cross, nicolae_dithmenos_shadow_blocks
D:3:      layout_basic
D:4:      layout_loops_corners, minmay_ruptured, uniq_crazy_yiuf_cottage
D:5:      layout_loops_cross
D:6:      layout_loops_ring, minmay_temple_entry_statues_fountains,
          cheibrodos_sewer_entry_sluice, uniq_grinder
D:7:      layout_basic, kb_rosetta, uniq_pikel, uniq_maggie
Temple:   nicolae_temple_the_god_donut

Skill      XL: |  1  2  3  4  5  6  7  8  9 |
---------------+----------------------------+-----
Spellcasting   | 3 4 5 6 7 |  7.3
Transmutations | 3 4 5 6 7 |  7.9
Fighting       | 2 3 4 5 |  5.2
Dodging        | 3 4 5 |  5.6
Unarmed Combat | |  3.0

Action                   |  1- 3 |  4- 6 |  7- 9 || total
-------------------------+-------+-------+-------++-------
Melee: Unarmed           |    83 |   181 |   387 ||   651
       Constrict         |    23 |    35 |    26 ||    84
       Tentacles         |    10 |    19 |    15 ||    44
       Kick              |    17 |    22 |       ||    39
       Punch             |     2 |     3 |     2 ||     7
 Cast: Beastly Appendage |    24 |    27 |       ||    51
       Spider Form       |     1 |    10 |    31 ||    42
       Wereblood         |       |     6 |    10 ||    16
       Blade Hands       |       |       |    11 ||    11
Evoke: Wand              |       |       |     2 ||     2
  Use: Scroll            |       |     8 |     8 ||    16
       Potion            |       |       |     1 ||     1
 Stab: Sleeping          |     3 |     7 |     1 ||    11
Armor: Skin              |     8 |    17 |    19 ||    44
Dodge: Dodged            |    52 |   149 |   478 ||   679
